 Dungeon Crawl Stone Soup version 0.29.1-12-g30fa7ad0bf (webtiles) character file.

Game seed: 17730851225357676405

16072 funkygono the Thaumaturge (level 12, -11/85 HPs)
             Began as a Demonspawn Fire Elementalist on Jan 1, 2023.
             Was an Elder of Kikubaaqudgha.
             Engulfed by an ice statue's freezing vapour (19 damage)
             ... in an ice cave.
             The game lasted 00:34:35 (15459 turns).

funkygono the Thaumaturge (DsFE)                   Turns: 15459, Time: 00:34:35

Health: -11/85     AC: 28    Str:  9    XL:     12   Next: 6%
Magic:  10/26      EV: 11    Int: 20    God:    Kikubaaqudgha [****..]
Gold:   783        SH:  4    Dex: 15    Spells: 17/32 levels left

rFire   . . .      SeeInvis .   P - +2 great sword (protect)
rCold   . . .      Faith    .   (shield currently unavailable)
rNeg    . . .      Spirit   .   h - +2 ring mail {rPois}
rPois   +          Reflect  .   v - +0 helmet
rElec   .          Harm     .   D - +0 cloak
rCorr   .          Rampage  .   (gloves unavailable)
Will    .....                   a - +0 pair of boots
Stlth   +.........              r - amulet of the acrobat
HPRegen 0.24/turn               H - +4 ring of protection
MPRegen 0.20/turn               F - +4 ring of protection

@: under a protective aura
A: rugged brown scales 2, powered by death 2, condensation shield, demonic touch
3
a: Renounce Religion, Unearth Wretches


You were in an ice cave.
You worshipped Kikubaaqudgha.
Kikubaaqudgha was greatly pleased with you.
You visited 3 branches of the dungeon, and saw 13 of its levels.
You also visited: Ice Cave.

You collected 783 gold pieces.

Inventory:

Hand Weapons
 P - a +2 great sword of protection (weapon)
 Q - a +5 dagger
Missiles
 w - a throwing net
Armour
 a - a +0 pair of boots (worn)
 d - a +0 tower shield of cold resistance
 h - a +2 ring mail of poison resistance (worn)
 n - a +0 pair of gloves
 v - a +0 helmet (worn)
 D - a +0 cloak (worn)
Magical Staves
 V - a staff of death
Jewellery
 g - a ring of flight
 j - a +4 ring of evasion
 r - an amulet of the acrobat (around neck)
 t - a ring of resist corrosion
 y - a +6 ring of strength
 F - a +4 ring of protection (right hand)
 H - a +4 ring of protection (left hand)
Wands
 G - a wand of flame (40)
 I - a wand of paralysis (6)
 N - a wand of polymorph (4)
 O - a wand of iceblast (4)
 R - a wand of quicksilver (2)
Scrolls
 c - a scroll of poison
 e - a scroll of fear
 E - 5 scrolls of teleportation
 U - 2 scrolls of amnesia
Potions
 b - 3 potions of magic
 i - 3 potions of cancellation
 k - a potion of curing
 l - 2 potions of might
 s - a potion of invisibility
 x - 2 potions of mutation
 A - 3 potions of flight
 B - 2 potions of resistance
 C - 3 potions of berserk rage
 J - 3 potions of ambrosia
Miscellaneous
 S - a lightning rod (4/4)


   Skills:
 + Level 3.2 Fighting
 + Level 1.0(2.2) Short Blades
 + Level 3.1(3.2) Long Blades
 + Level 4.6 Armour
 + Level 4.1 Dodging
 - Level 1.7 Stealth
 + Level 2.5 Shields
 + Level 10.9 Spellcasting
 + Level 6.9 Conjurations
 * Level 5.8 Necromancy
 + Level 9.6 Fire Magic


You had 17 spell levels left.
You knew the following spells:

 Your Spells              Type           Power      Damage    Failure   Level
a - Foxfire               Conj/Fire      100%       2x1d9     1%          1
b - Scorch                Fire           98%        2d9       1%          2
c - Conjure Flame         Conj/Fire      44%        6-21      1%          3
d - Flame Wave            Conj/Fire      44%        2d11      5%          4
e - Necrotise             Necr           100%       1d9       1%          1
f - Dispel Undead         Necr           34%        3d15      14%         4

Your spell library contained the following spells:

 Spells                   Type           Power      Damage    Failure   Level
 Sublimation of Blood     Necr           34%        N/A       2%          2
 Vampiric Draining        Necr           34%        2d8       4%          3
 Inner Flame              Hex/Fire       30%        N/A       7%          3
 Agony                    Necr           34%        N/A       36%         5
 Gell's Gravitas          Tloc           10%        N/A       43%         3
 Lesser Beckoning         Tloc           10%        N/A       43%         3
 Teleport Other           Tloc           10%        N/A       43%         3
 Anguish                  Hex/Necr       11%        N/A       43%         4
 Corpse Rot               Necr/Pois/Air  18%        N/A       56%         4
 Lightning Bolt           Conj/Air       12%        1d25      71%         5
 Airstrike                Air            5%         2d(1-17)  85%         4
 Cause Fear               Hex            5%         N/A       85%         4
 Summon Ice Beast         Ice/Summ       10%        N/A       85%         4
 Summon Lightning Spire   Summ/Air       10%        N/A       85%         4
 Death Channel            Necr           17%        N/A       91%         6
 Summon Mana Viper        Hex/Summ       10%        N/A       99%         5
 Simulacrum               Ice/Necr       11%        N/A       100%        6
 Monstrous Menagerie      Summ           5%         N/A       100%        7
 Discord                  Hex            5%         N/A       100%        8


Dungeon Overview and Level Annotations

Branches:
Dungeon (11/15)            Temple (1/1) D:7            Lair (1/5) D:8
    Orc (0/2) D:10          IceCv (1/1)

Altars:
Ashenzari
Cheibriados
Dithmenos
Fedhas
Gozag
Hepliaklqana
Kikubaaqudgha
Makhleb
Nemelex Xobeh
Okawaru
Qazlal
Ru
Sif Muna
Trog
Uskayaw
Vehumet
Wu Jian
Xom
Yredelemnul

Shops:
D:5 *

Annotations:
D:7 4 runed translucent doors IceCv 1 transporter, exclusion: 2 ice statues


Innate Abilities, Weirdness & Mutations

You are mostly covered in rugged brown scales. (AC +2, +5% HP)
You regenerate health from kills.
A meltable shield of frost defends you. (SH +4)
Your touch may irresistibly damage your foes and sap their willpower.


Message History

Kikubaaqudgha accepts your kill. (Press . to intensify the flame waves.)
The ice statue gestures at you. You block the shard of ice.
A wave of flame ripples out!
Unknown command.
A wave of flame ripples out!
The flame wave engulfs the ice beast.
The ice beast melts!
The ice beast is moderately wounded.
The flame wave engulfs the ice beast!
The ice beast melts!
The ice beast is heavily wounded.
You finish channelling waves of flame.
Unknown command.
You hit the ice beast.
Your weapon exudes an aura of protection.
The ice beast is heavily wounded.
The ice beast hits you. The ice beast freezes you!
* * * LOW HITPOINT WARNING * * *
The ice beast closely misses you.
You feel better. The ice statue gestures at you.
The bolt of cold hits the ice beast.
The ice beast completely resists.
The bolt of cold hits you!
* * * LOW HITPOINT WARNING * * *
The ice beast hits you but does no damage.
You block the ice beast's attack. The ice statue gestures at you.
The freezing blast engulfs the ice beast.
The ice beast completely resists.
You feel better.
You are engulfed in freezing vapours.
* * * LOW HITPOINT WARNING * * *
The ice beast barely misses you. x2
Unknown command.
Unknown command.
You slash the ice beast!
Your weapon exudes an aura of protection.
The ice beast is heavily wounded.
You are engulfed in freezing vapours.
You die...
Kikubaaqudgha rasps: "You have failed me!
Welcome... death!"

##### ### ####...###
#.©# ##........##
#8..#
##..........##8...#
##...........#8...8#
#.......8....#.....#
#.........(.8#†Y.°)#
#∩∩......[.©©#@○○=$#
#...........8#○Y○:?#
#.......8..).#☼○○..#
##...........#8...8#
##..........##8...#
##........## #8..#
####...### #.∩#
##### ###


You could see 2 ice statues and 2 ice beasts.

Vanquished Creatures
  A two-headed ogre (D:11)
  A tengu warrior (D:9)
  2 cyclopes (D:11)
  2 ugly things (IceCv)
  A black mamba (Lair:1)
  Joseph (D:7)
  A centaur zombie (D:10)
  An unseen horror (D:11)
  A komodo dragon (D:7)
  A spectral unseen horror (D:10)
  3 trolls (D:9)
  A meliai (D:9)
  A hornet (D:7)
  An unseen horror skeleton (D:10)
  4 blink frogs (Lair:1)
  A shadow (D:9)
  A wyvern (D:10)
  24 yaks
  3 wraiths (D:11)
  A warg (D:10)
  4 acid dragons
  A hydra simulacrum (IceCv)
  6 orc warriors
  A black bear (D:8)
  An ice beast (D:5)
  3 ogres
  6 centaurs
  2 phantoms (D:4)
  4 kobold brigands
  7 bullfrogs
  5 scorpions
  A gnoll sergeant (D:9)
  A necrophage (D:7)
  5 wights (D:9)
  An elephant simulacrum (IceCv)
  6 killer bees (D:9)
  3 jellies
  4 howler monkeys
  2 centaur skeletons (D:10)
  2 hounds
  2 gnoll boudas
  10 orc priests
  Jessica (D:2)
  2 iguanas (D:5)
  10 orc wizards
  2 polar bear simulacra (IceCv)
  2 human simulacra (D:9)
  4 adders
  10 gnolls
  A shadow imp (D:5)
  13 white imps
  2 worms (D:3)
  A dart slug (D:2)
  62 orcs
  10 ball pythons
  7 bats
  5 endoplasms
  5 giant cockroaches
  5 goblins
  6 hobgoblins
  14 kobolds
  2 quokkas
  4 frilled lizards
  5 rats
302 creatures vanquished.

Vanquished Creatures (others)
  741 foxfires
  28 fungi (D:8)
  20 plants (D:8)
789 creatures vanquished.

Grand Total: 1091 creatures vanquished

Notes
Turn   | Place    | Note
-------+----------+-------------------------------------------
     0 | D:1      | funkygono the Demonspawn Fire Elementalist began the quest
                  | for the Orb.
     0 | D:1      | Reached XP level 1. HP: 13/13 MP: 3/3
   377 | D:1      | Found a faded altar of an unknown god.
   419 | D:1      | Gained mutation: A meltable shield of frost defends you.
                  | (SH +4) [demonic ancestry]
   419 | D:1      | Reached XP level 2. HP: 15/19 MP: 0/5
   422 | D:1      | Learned a level 2 spell: Scorch
  1140 | D:2      | Reached XP level 3. HP: 24/24 MP: 2/6
  1648 | D:2      | Noticed Jessica
  1655 | D:2      | Killed Jessica
  1656 | D:2      | Reached XP level 4. HP: 30/30 MP: 0/7
  2234 | D:2      | Reached skill level 3 in Spellcasting
  2667 | D:3      | Learned a level 3 spell: Conjure Flame
  2672 | D:3      | Learned a level 4 spell: Flame Wave
  2700 | D:3      | Gained mutation: You regenerate a little health from kills.
                  | [demonic ancestry]
  2700 | D:3      | Reached XP level 5. HP: 35/35 MP: 3/10
  4110 | D:4      | Noticed a phantom
  4116 | D:4      | Killed a phantom
  4117 | D:4      | Reached skill level 4 in Spellcasting
  4272 | D:4      | Noticed a phantom
  4298 | D:4      | Killed a phantom
  4299 | D:4      | Gained mutation: Your touch may inflict minor irresistible
                  | damage on your foes. [demonic ancestry]
  4299 | D:4      | Reached XP level 6. HP: 30/42 MP: 0/12
  4814 | D:4      | Reached skill level 1 in Fighting
  5180 | D:5      | Entered Level 5 of the Dungeon
  5208 | D:5      | Gained mutation: Your touch may inflict irresistible damage
                  | on your foes. [demonic ancestry]
  5208 | D:5      | Reached XP level 7. HP: 46/48 MP: 9/14
  5349 | D:5      | Reached skill level 5 in Fire Magic
  5492 | D:5      | Reached skill level 5 in Spellcasting
  5591 | D:5      | Found Oghebaddics's CLEARANCE SALE!.
  6157 | D:6      | Gained mutation: You are partially covered in rugged brown
                  | scales. (AC +1, +3% HP) [demonic ancestry]
  6157 | D:6      | Reached XP level 8. HP: 48/55 MP: 7/16
  6845 | D:7      | Found a staircase to the Ecumenical Temple.
  6855 | Temple   | Entered the Ecumenical Temple
  7015 | Temple   | Became a worshipper of Kikubaaqudgha
  7130 | D:7      | Noticed Joseph
  7140 | D:7      | Reached skill level 1 in Armour
  7151 | D:7      | Killed Joseph
  7152 | D:7      | Reached skill level 6 in Spellcasting
  7529 | D:7      | Noticed a hornet
  7541 | D:7      | Killed a hornet
  7638 | D:7      | Found a huge runed translucent gate.
  7639 | D:7      | Found a huge runed translucent gate.
  7640 | D:7      | Found a huge runed translucent gate.
  7640 | D:7      | Noticed a polar bear
  7641 | D:7      | Found a huge runed translucent gate.
  7641 | D:7      | Noticed a polar bear
  7641 | D:7      | Noticed a polar bear
  7642 | D:7      | Noticed a polar bear
  7809 | D:7      | Gained mutation: You regenerate health from kills. [demonic
                  | ancestry]
  7809 | D:7      | Reached XP level 9. HP: 62/62 MP: 12/19
  8214 | D:8      | Noticed a komodo dragon
  8225 | D:7      | Killed a komodo dragon
  8226 | D:7      | Reached skill level 7 in Spellcasting
  8226 | D:7      | Reached skill level 5 in Conjurations
  8646 | D:8      | Reached * piety under Kikubaaqudgha
  8646 | D:8      | Received a gift from Kikubaaqudgha
  8664 | D:8      | Reached skill level 1 in Shields
  8910 | D:8      | Reached skill level 8 in Spellcasting
  9175 | D:8      | Found a staircase to the Lair.
  9488 | D:8      | Learned a level 1 spell: Necrotise
  9579 | D:9      | Noticed a troll
  9587 | D:9      | Killed a troll
  9588 | D:9      | Gained mutation: You are mostly covered in rugged brown
                  | scales. (AC +2, +5% HP) [demonic ancestry]
  9588 | D:9      | Reached XP level 10. HP: 57/70 MP: 15/22
  9972 | D:9      | Reached skill level 1 in Necromancy
 10225 | D:9      | Found a runed translucent door.
 10631 | D:9      | Found a runed translucent door.
 10935 | D:9      | Found a basalt altar of Yredelemnul.
 11189 | D:9      | Reached ** piety under Kikubaaqudgha
 11194 | D:9      | Reached skill level 9 in Spellcasting
 11427 | D:9      | Noticed a tengu warrior
 11436 | D:9      | Killed a tengu warrior
 11459 | D:9      | Reached skill level 1 in Short Blades
 11854 | D:10     | Entered Level 10 of the Dungeon
 12049 | D:10     | Reached XP level 11. HP: 76/76 MP: 1/24
 12202 | D:10     | Reached *** piety under Kikubaaqudgha
 12202 | D:10     | Received a gift from Kikubaaqudgha
 12207 | D:10     | Reached skill level 1 in Long Blades
 12557 | D:10     | Reached skill level 10 in Spellcasting
 12579 | D:10     | Learned a level 4 spell: Dispel Undead
 12824 | D:10     | Found a staircase to the Orcish Mines.
 13674 | D:11     | Noticed a two-headed ogre
 13680 | D:11     | Killed a two-headed ogre
 14236 | D:11     | Reached **** piety under Kikubaaqudgha
 14793 | Lair:1   | Entered Level 1 of the Lair of Beasts
 14857 | Lair:1   | Reached skill level 5 in Necromancy
 15258 | Lair:1   | Found a shadowy altar of Dithmenos.
 15284 | Lair:1   | Found a frozen archway.
 15290 | IceCv    | Entered an ice cave
 15290 | IceCv    | Noticed a white ugly thing
 15302 | IceCv    | Gained mutation: Your touch may irresistibly damage your
                  | foes and sap their willpower. [demonic ancestry]
 15302 | IceCv    | Reached XP level 12. HP: 48/85 MP: 2/26
 15428 | IceCv    | Found a transporter.
 15437 | IceCv    | Found a transporter.
 15451 | IceCv    | HP: 2/85 [ice statue/shard of ice (23)]
 15459 | IceCv    | Engulfed by an ice statue's freezing vapour

Illustrated notes

Levels and vault maps discovered:
D:1:      nagdon_arrival_zigzag_paths, layout_basic,
          hellmonk_ecumenical_altar_heavens_door, st_stairs_2,
          nrook_loot_triangle
D:2:      layout_loops_corners, uniq_jessica
D:3:      minmay_inner_zag, layout_loops_ring
D:4:      layout_gridville
D:5:      layout_basic, nicolae_shop_clearance
D:6:      layout_basic
D:7:      lemuel_bear_cage, layout_basic, minmay_temple_entry_poolview,
          hex_tiny, nrook_uturn, uniq_joseph
D:8:      layout_cave_pods, grunt_lair_entry_orc_guard_hut, blue_anna_alchemist
D:9:      cheibrodos_histonic, layout_irregular_city, marbit_many_paths,
          bh_circular_ruins
D:10:     layout_basic, erik_orc_4, special_room [special_room_orc],
          hangedman_weighted_door
D:11:     layout_loops_corners
Temple:   minmay_crystal_snake_temple
Lair:1:   layout_hall_layers, basic_altar, portal_ice_cave_entry_imps
IceCv:    ice_cave_statue_garden_transporter

Skill      XL: |  1  2  3  4  5  6  7  8  9 10 11 |
---------------+----------------------------------+-----
Dodging        | 2 3 4 |  4.1
Fire Magic     | 3 4 5 6 8 9 |  9.6
Spellcasting   | 3 4 5 6 8 9 10 | 10.9
Conjurations   | 2 3 4 5 6 |  6.9
Fighting       | 1 2 3 |  3.2
Armour         | 1 3 4 |  4.6
Shields        | 1 2 |  2.5
Necromancy     | 2 5 |  5.8
Short Blades   | 1 |  1.0
Long Blades    | 3 |  3.1
Stealth        | |  1.7

Action                   |  1- 3 |  4- 6 |  7- 9 | 10-12 || total
-------------------------+-------+-------+-------+-------++-------
Melee: Short sword       |     3 |    11 |     2 |       ||    16
       Dagger            |       |       |     3 |    17 ||    20
       Great sword       |       |       |       |   115 ||   115
       Touch             |       |       |       |     6 ||     6
 Cast: Foxfire           |    50 |    92 |   130 |   154 ||   426
       Scorch            |     5 |    30 |    40 |    59 ||   134
       Flame Wave        |       |       |     5 |    32 ||    37
       Necrotise         |       |       |     5 |    74 ||    79
       Dispel Undead     |       |       |       |     5 ||     5
  Use: Scroll            |       |    11 |     4 |     8 ||    23
       Potion            |       |       |     1 |     3 ||     4
Armor: Robe              |     5 |     7 |       |       ||    12
       Ring mail         |       |       |    13 |   187 ||   200
       Skin              |       |       |       |     1 ||     1
Dodge: Dodged            |     7 |    18 |    54 |   276 ||   355
Block: Other             |       |     2 |    10 |    56 ||    68
